 Dungeon Crawl Stone Soup version 0.23.2-1-ga50397a (webtiles) character file.

Game seed: 4398141493554345094

7618 teukkam the Fighter (level 10, 0/94 HPs)
             Began as a Minotaur Fighter on Apr 17, 2019.
             Was a High Priest of Wu Jian.
             Slain by a seven-headed hydra (3 damage)
             ... on level 1 of the Lair of Beasts on Apr 18, 2019.
             The game lasted 00:38:17 (8309 turns).

teukkam the Fighter (Minotaur Fighter)              Turns: 8309, Time: 00:38:18

Health: 0/94       AC: 10    Str: 29    XL:     10   Next: 98%
Magic:  9/9        EV:  9    Int:  5    God:    Wu Jian [*****.]
Gold:   567        SH: 12    Dex: 10    Spells: 9/9 levels left

rFire    . . .     SeeInvis .   c - +2 flail (holy)
rCold    + . .     Gourm    .   N - +0 shield
rNeg     . . .     Faith    .   E - +1 leather armour "Niorasat" {*Drain rElec Regen+ Stlth+}
rPois    +         Spirit   .   (helmet restricted)
rElec    +         Reflect  .   (no cloak)
rCorr    .         Harm     .   q - +0 pair of gloves
MR       .....                  D - +0 pair of boots
Stlth    +++.......             (no amulet)
HPRegen  0.65/turn              p - +3 ring of protection
MPRegen  0.11/turn              I - ring of Petuit {rPois rC+}

@: mighty, about to teleport
A: retaliatory headbutt, horns 2
a: Wall Jump, Serpent's Lash, Heavenly Storm, Renounce Religion


You were on level 1 of the Lair of Beasts.
You worshipped Wu Jian.
Wu Jian was extremely pleased with you.
You were not hungry.

You visited 2 branches of the dungeon, and saw 10 of its levels.
You also visited: Sewer.

You collected 567 gold pieces.

Inventory:

Hand Weapons
 a - the +9 falchion of Xuutzus {speed, rElec Str+2 Dex+5}
   (You found it on level 6 of the Dungeon)

   Attacks with this weapon are significantly faster.
   It affects your strength (+2).
   It affects your dexterity (+5).
   It insulates you from electricity.
 b - a +0 hunting sling
 c - a +2 flail of holy wrath (weapon)
 t - a +0 war axe
 F - a +1 battleaxe of venom
 J - a +2 dagger of venom
Missiles
 h - 187 stones (quivered)
 o - 5 curare-tipped needles
 r - 32 poisoned needles
 z - 4 tomahawks
 H - 3 javelins
Armour
 q - a +0 pair of gloves (worn)
 D - a +0 pair of boots (worn)
 E - the +1 leather armour "Niorasat" (worn) {*Drain rElec Regen+ Stlth+}
   (You found it on level 8 of the Dungeon)

   It insulates you from electricity.
   It increases your rate of regeneration.
   It causes draining when unequipped.
   It makes you more stealthy.
 G - the +1 chain mail of Haconomp {Int+5}
   (You found it on level 6 of the Dungeon)

   It affects your intelligence (+5).
 N - a +0 shield (worn)
Jewellery
 p - a +3 ring of protection (left hand)
 y - an uncursed ring of magical power
 I - the ring of Petuit (right hand) {rPois rC+}
   (You found it on level 7 of the Dungeon)

   [ring of poison resistance]

   It protects you from cold.
   It protects you from poison.
Wands
 w - a wand of paralysis (10)
 C - a wand of flame (1)
 K - a wand of iceblast (11)
 Q - a wand of digging (3)
Scrolls
 e - 3 scrolls of amnesia
 j - 5 scrolls of identify
 x - 3 scrolls of teleportation
 B - 3 scrolls of enchant weapon
 L - a scroll of silence {unknown}
 M - a scroll of random uselessness {unknown}
 O - a scroll of fog {unknown}
Potions
 g - a potion of agility
 i - 2 potions of flight {unknown}
 k - a potion of haste {unknown}
 l - a potion of ambrosia {unknown}
 m - a potion of resistance {unknown}
 n - 4 potions of degeneration {unknown}
 s - 3 potions of heal wounds
 u - 5 potions of lignification {unknown}
 v - 5 potions of curing {unknown}
 A - a potion of berserk rage {unknown}
 P - a potion of mutation {unknown}
Comestibles
 f - 19 rations


   Skills:
 + Level 10.6 Fighting
 - Level 3.9(6.2) Short Blades
 + Level 8.3(8.8) Long Blades
 - Level 3.3 Axes
 - Level 6.4 Slings
 - Level 0.7(3.6) Throwing
 - Level 8.6 Armour
 - Level 0.1 Dodging
 + Level 4.6 Stealth
 - Level 8.7 Shields


You had 9 spell levels left.
You didn't know any spells.
Your spell library was empty.

Dungeon Overview and Level Annotations

Branches:
Dungeon (9/15)             Temple (0/1) D:4            Lair (1/6) D:8
    Orc: D:9-12

Altars:
Ashenzari
Dithmenos
Gozag
Hepliaklqana
Kikubaaqudgha
Nemelex Xobeh
Ru
Wu Jian
Zin
The Shining One

Annotations:
D:7 , rPois
D:8 4 runed translucent doors


Innate Abilities, Weirdness & Mutations

You reflexively headbutt those who attack you in melee.
You have a pair of horns on your head.


Message History

Press: ? - help, Shift-Dir - straight line A rock wall.
The rock shatters into small pieces.
You block the rat's attack.
You block the seven-headed hydra's attack. x3
The seven-headed hydra closely misses you.
The seven-headed hydra bites you but does no damage. x2
The seven-headed hydra bites you!
* * * LOW HITPOINT WARNING * * *
You spin and attack the rat.
You bludgeon the rat!!
You kill the rat!
The Council accepts your kill.
As you read the scroll of teleportation, it crumbles to dust.
You feel strangely unstable.
You block the seven-headed hydra's attack.
The seven-headed hydra bites you!
* * * LOW HITPOINT WARNING * * *
The seven-headed hydra bites you.
* * * LOW HITPOINT WARNING * * *
The seven-headed hydra bites you.
You die...

## #. .. #.#### r# r .
#.#..#.##.#r# . #.#
#.#..##.# ##. #.#
#...#.# .r .###
#.r.†## r#
#..###.#†#r###.
##..#.##.#r##r########
###..##..#.#rrD@....#
#######.####r#########
.....##.## #######
.....###.## #...#
.....##.#.####.###
...÷.###.#.#...#
...<.# ##.##..#####
...÷.####.##.## #.#
............#.###.#


You could see a seven-headed hydra, a hell rat, 2 river rats and a quokka.

Vanquished Creatures
  A two-headed ogre (D:8)
  The ghost of sdfsdf the Grappler, a novice TrBe of Trog (D:7)
  2 spiny frogs
  A troll (D:9)
  Grinder (D:6)
  A spriggan (D:8)
  A wyvern (D:8)
  5 yaks
  A water moccasin (D:6)
  A sky beast (D:7)
  4 ice beasts
  2 phantoms
  2 black bears (D:6)
  3 ogres
  4 wolves (Lair:1)
  4 centaurs
  3 crocodiles
  A big kobold (D:8)
  Blork the orc (D:6)
  5 bullfrogs
  A scorpion (D:5)
  10 killer bees
  2 howler monkeys (D:6)
  4 crimson imps
  2 centaur zombies
  A centaur skeleton (D:6)
  2 orc priests (D:5)
  A bullfrog skeleton (D:5)
  2 hounds (D:7)
  2 jellies
  5 orc wizards
  Jessica (D:8)
  2 iguanas
  3 hell rats (Lair:1)
  5 worker ants
  A killer bee zombie (D:5)
  A hound zombie (D:7)
  3 hound skeletons
  3 worker ant zombies
  11 adders
  6 river rats (Lair:1)
  A shadow imp (D:8)
  9 oozes
  2 adder zombies
  2 adder skeletons (D:5)
  A worm (D:4)
  A dart slug (D:3)
  16 leopard geckos
  23 orcs
  A bat (D:3)
  12 giant cockroaches
  5 goblins
  5 hobgoblins
  15 jackals
  10 kobolds
  7 quokkas
  11 ball pythons
  10 frilled lizards
  A leopard gecko zombie (D:5)
  10 rats
254 creatures vanquished.

Notes
Turn   | Place    | Note
-------+----------+-------------------------------------------
     0 | D:1      | teukkam the Minotaur Fighter began the quest for the Orb.
     0 | D:1      | Reached XP level 1. HP: 19/19 MP: 0/0
   181 | D:3      | Reached XP level 2. HP: 27/27 MP: 1/1
   244 | D:3      | Reached skill level 4 in Fighting
   432 | D:3      | Reached XP level 3. HP: 33/33 MP: 2/2
   462 | D:3      | Reached XP level 4. HP: 35/41 MP: 3/3
   595 | D:3      | Found an ornate altar of the Wu Jian Council.
   604 | D:3      | Became a worshipper of the Wu Jian Council
  2094 | D:2      | Reached XP level 5. HP: 43/47 MP: 4/4
  3026 | D:4      | Reached skill level 1 in Slings
  3269 | D:4      | Found a staircase to the Ecumenical Temple.
  3358 | D:4      | Reached skill level 5 in Fighting
  3358 | D:4      | Reached skill level 1 in Short Blades
  3358 | D:4      | Reached skill level 5 in Armour
  3358 | D:4      | Reached skill level 5 in Shields
  3583 | D:5      | Entered Level 5 of the Dungeon
  3588 | D:4      | Reached * piety under Wu Jian
  3695 | D:5      | Noticed an ice beast
  3723 | D:6      | Reached XP level 6. HP: 55/56 MP: 5/5
  3802 | D:6      | Noticed Grinder
  3823 | D:6      | Noticed a water moccasin
  3836 | D:6      | Killed a water moccasin
  3836 | D:6      | Reached XP level 7. HP: 11/62 MP: 6/6
  3997 | D:6      | Killed Grinder
  3997 | D:6      | Reached skill level 6 in Fighting
  4057 | D:6      | Found a glowing drain.
  4067 | Sewer    | Entered a sewer
  4200 | Sewer    | Reached ** piety under Wu Jian
  4243 | Sewer    | Reached XP level 8. HP: 65/70 MP: 7/7
  4437 | Sewer    | Reached *** piety under Wu Jian
  4601 | D:6      | Found a shadowy altar of Dithmenos.
  4677 | D:6      | Got a warped falchion
  4678 | D:6      | Identified the +9 falchion of Xuutzus {speed, rElec Str+2
                  | Dex+5} (You found it on level 6 of the Dungeon)
  4731 | D:6      | Noticed Blork the orc
  4742 | D:6      | Killed Blork the orc
  4869 | D:6      | Got a faintly humming chain mail
  4880 | D:6      | Identified the +1 chain mail of Haconomp {Int+5} (You found
                  | it on level 6 of the Dungeon)
  4921 | D:7      | Found a transporter.
  4921 | D:7      | Found a transporter.
  4922 | D:7      | Noticed sdfsdf's ghost (novice TrBe)
  4999 | D:7      | Reached skill level 1 in Long Blades
  5190 | D:7      | Found an ancient bone altar of Kikubaaqudgha.
  5191 | D:7      | Found an opulent altar of Gozag.
  5192 | D:7      | Found a sparkling altar of Nemelex Xobeh.
  5385 | D:7      | Reached skill level 7 in Fighting
  5561 | D:7      | Got a pitted bronze ring
  5566 | D:7      | Identified the ring of Petuit {rPois rC+} (You found it on
                  | level 7 of the Dungeon)
  5684 | D:7      | Reached skill level 5 in Slings
  5684 | D:7      | Reached XP level 9. HP: 68/79 MP: 8/8
  5691 | D:7      | Killed sdfsdf's ghost
  5695 | D:7      | Reached skill level 8 in Fighting
  6060 | D:5      | Reached **** piety under Wu Jian
  6699 | D:8      | Reached skill level 5 in Long Blades
  6814 | D:8      | Got a shimmering leather armour
  6825 | D:8      | Identified the +1 leather armour "Niorasat" {*Drain rElec
                  | Regen+ Stlth+} (You found it on level 8 of the Dungeon)
  6830 | D:8      | Found a staircase to the Lair.
  7115 | Lair:1   | Entered Level 1 of the Lair of Beasts
  7115 | Lair:1   | Noticed a spiny frog
  7124 | Lair:1   | Killed a spiny frog
  7124 | Lair:1   | Reached skill level 1 in Stealth
  7124 | Lair:1   | Reached XP level 10. HP: 49/90 MP: 9/9
  7203 | D:9      | Found a glowing golden altar of the Shining One.
  7286 | D:9      | Reached skill level 9 in Fighting
  7580 | D:8      | Noticed a two-headed ogre
  7593 | D:8      | Killed a two-headed ogre
  7642 | D:8      | Found a sacrificial altar of Ru.
  7807 | D:8      | Found a huge runed translucent gate.
  7807 | D:8      | Found a huge runed translucent gate.
  7807 | D:8      | Found a huge runed translucent gate.
  7807 | D:8      | Found a huge runed translucent gate.
  7807 | D:8      | Noticed a death yak
  7838 | D:8      | Found a glowing silver altar of Zin.
  7838 | D:8      | Found a hazy altar of Hepliaklqana.
  7890 | D:8      | Found a sparkling altar of Nemelex Xobeh.
  7890 | D:8      | Noticed Jessica
  7895 | D:8      | Reached skill level 10 in Fighting
  7899 | D:8      | Killed Jessica
  7978 | Lair:1   | Noticed a spiny frog
  7989 | D:8      | Killed a spiny frog
  8202 | Lair:1   | Found a shattered altar of Ashenzari.
  8263 | Lair:1   | Reached ***** piety under Wu Jian
  8272 | Lair:1   | Noticed a seven-headed hydra
  8309 | Lair:1   | HP: 3/94 [seven-headed hydra (2)]
  8309 | Lair:1   | Slain by a seven-headed hydra

Skill      XL: |  1  2  3  4  5  6  7  8  9 10 |
---------------+-------------------------------+-----
Armour         | 4 5 6 7 8 |  8.6
Fighting       | 4 5 6 7 8 10 | 10.6
Shields        | 4 5 6 7 8 |  8.7
Axes           | 3 |  3.3
Slings         | 1 2 3 5 6 |  6.4
Short Blades   | 1 2 3 |  3.9
Long Blades    | 3 5 8 |  8.3
Stealth        | 1 4 |  4.6
Throwing       | |  0.7
Dodging        | |  0.1

Action                   |  1- 3 |  4- 6 |  7- 9 | 10-12 || total
-------------------------+-------+-------+-------+-------++-------
Melee: War axe           |    35 |    77 |     7 |       ||   119
       Headbutt          |    12 |    32 |    65 |    33 ||   142
       Dagger            |       |    89 |   163 |       ||   252
       Falchion          |       |       |   180 |   160 ||   340
       Flail             |       |       |       |     3 ||     3
 Fire: Hunting sling     |       |    32 |   100 |    13 ||   145
Throw: Stone             |     3 |     2 |       |       ||     5
Invok: Lunge             |       |    13 |    24 |    14 ||    51
       Whirlwind         |       |    17 |   114 |    47 ||   178
 Abil: Wall Jump         |       |       |     4 |     4 ||     8
Evoke: Wand              |       |       |     5 |     2 ||     7
  Use: Scroll            |       |     7 |     1 |     3 ||    11
       Potion            |       |     1 |     2 |     2 ||     5
 Stab: Sleeping          |       |       |     1 |     5 ||     6
  Eat: Chunk             |       |     2 |     7 |     2 ||    11
       Ration            |       |     2 |     2 |       ||     4
Armor: Scale mail        |     6 |       |       |       ||     6
       Chain mail        |     8 |    90 |   125 |       ||   223
       Leather armour    |       |       |     1 |    18 ||    19
Dodge: Dodged            |     6 |    29 |    49 |    35 ||   119
Block: Shield            |    15 |    76 |   150 |    70 ||   311
       Rpst.: Falchion   |       |       |     3 |    10 ||    13
